Arizona Coyotes vs Chicago Black Hawks
Created - Tuesday, September 10, 2024 at 10:18
Goals
|
| Arizona Coyotes |
1 |
1 |
0 |
0 |
1 |
2 |
| Chicago Black Hawks |
0 |
1 |
1 |
0 |
2 |
3 |
|
Shots
|
| Arizona Coyotes |
12 |
7 |
15 |
0 |
4 |
34 |
| Chicago Black Hawks |
1 |
20 |
15 |
0 |
4 |
36 |
|
1st period
1. Arizona Coyotes , Mats Zuccarello 6 (Tyler Seguin 8) at 16:25
Penalties :
Ross Colton (AZC) for Tripping (Minor) at 5:48
2nd period
2. Arizona Coyotes , Zach Parise 3 (Charlie Coyle 10) at 12:39 (SH)
3. Chicago Black Hawks , Kevin Fiala 4 (Lucas Raymond 3, Jamie Benn 8) at 14:30
Penalties :
Tyler Seguin (AZC) for Slashing (Minor) at 0:13, Ryan Hartman (CHI) for Delaying the game (Minor) at 3:20, Mats Zuccarello (AZC) for Cross-checking (Minor) at 12:15
3rd period
4. Chicago Black Hawks , Filip Forsberg 11 (Bo Horvat 15, Filip Hronek 5) at 2:02
Penalties :
Filip Forsberg (CHI) for Fighting (Major) at 9:23, Brandon Tanev (AZC) for Fighting (Major) at 9:23, Kevin Fiala (CHI) for Tripping (Minor) at 14:49
Overtime #1
No Goal
Penalties :
No Penalty
Shootout
Arizona Coyotes, Charlie Coyle - Stopped by Thatcher Demko
Chicago Black Hawks, Lucas Raymond - Stopped by Petr Mrazek
Arizona Coyotes, Mats Zuccarello - Stopped by Thatcher Demko
Chicago Black Hawks, Alex DeBrincat - Goal!
Arizona Coyotes, Tyler Seguin - Goal!
Chicago Black Hawks, Sidney Crosby - Stopped by Petr Mrazek
Arizona Coyotes, Mason McTavish - Stopped by Thatcher Demko
Chicago Black Hawks, Brayden Point - Goal!
Penalties :
No Penalty
Goalie Stats
Petr Mrazek (AZC), 34 saves from 36 shots - (0.944), OTL, 6-4-3, 65:00 minutes
Thatcher Demko (CHI), 32 saves from 34 shots - (0.941), W, 13-4-0, 65:00 minutes
Players Stats for Arizona Coyotes
Player Name G A P +/- PIM S H SB GA TA FO MP PP MP PK MP
------------------------------------------------------------------------------------
Anthony Deangelo 0 0 0 -1 0 0 0 0 1 0 0/0 13:13 0:00 0:00
Brandon Tanev 0 0 0 -1 5 0 0 0 0 0 0/1 15:23 1:54 0:29
Brayden McNabb 0 0 0 1 0 2 0 3 0 0 0/0 25:05 1:48 3:10
Charlie Coyle 0 1 1 2 0 6 4 1 1 1 14/26 22:58 2:04 2:45
Erik Haula 0 0 0 -1 0 2 0 0 1 0 0/1 15:41 1:54 0:00
Jakob Silfverberg 0 0 0 -1 0 2 0 0 0 0 0/0 7:48 0:00 0:00
Jani Hakanpaa 0 0 0 0 0 1 1 1 1 1 0/0 26:42 2:10 2:47
Jayden Struble 0 0 0 -1 0 0 0 1 0 2 0/0 13:13 0:00 0:00
Mark Jankowski 0 0 0 -1 0 0 0 0 0 0 2/3 7:48 0:00 0:00
Mason McTavish 0 0 0 -1 0 3 0 1 2 0 3/9 20:38 1:54 3:05
Mats Zuccarello 1 0 1 1 2 4 1 1 1 1 0/2 21:54 2:04 1:40
Matt Dumba 0 0 0 1 0 1 1 0 0 0 0/0 25:05 1:48 3:10
Ondrej Palat 0 0 0 -1 0 2 1 0 0 0 0/0 7:48 0:00 0:00
Radko Gudas 0 0 0 0 0 1 5 0 0 1 0/0 26:42 2:10 2:47
Ross Colton 0 0 0 0 2 2 2 0 1 1 9/12 14:34 0:00 0:00
Ryan Donato 0 0 0 0 0 2 0 0 0 0 0/0 13:36 0:00 0:41
Tyler Seguin 0 1 1 1 2 3 1 0 0 0 0/2 21:50 2:04 1:42
Zach Parise 1 0 1 1 0 3 2 0 1 0 0/1 14:01 0:00 1:32
Players Stats for Chicago Black Hawks
Player Name G A P +/- PIM S H SB GA TA FO MP PP MP PK MP
------------------------------------------------------------------------------------
Alex DeBrincat 0 0 0 0 0 2 1 0 0 0 0/0 11:56 0:00 0:00
Bo Horvat 0 1 1 0 0 4 1 0 1 1 7/17 17:29 2:54 0:00
Brandon Hagel 0 0 0 1 0 0 4 0 0 2 1/1 19:46 3:03 2:05
Brayden Point 0 0 0 0 0 0 0 0 1 1 1/2 18:57 3:03 0:12
Caleb Jones 0 0 0 0 0 0 0 1 0 0 0/0 12:28 0:00 0:00
Chris Kreider 0 0 0 -1 0 4 3 0 0 2 2/3 18:17 2:54 0:00
Devon Toews 0 0 0 -1 0 1 3 1 0 0 0/0 28:08 3:04 2:03
Filip Forsberg 1 0 1 0 5 4 4 0 0 0 1/2 15:08 2:54 0:00
Filip Hronek 0 1 1 -1 0 1 0 2 0 0 0/0 17:11 3:11 0:00
Jamie Benn 0 1 1 0 0 0 1 1 1 1 9/13 16:34 0:00 1:57
Kevin Fiala 1 0 1 0 2 5 0 0 0 0 0/0 14:37 0:00 0:00
Lucas Raymond 0 1 1 0 0 3 1 0 1 0 0/0 14:50 0:00 0:55
Marcus Pettersson 0 0 0 1 0 4 1 1 0 0 0/0 22:17 0:51 1:55
Nicholas Paul 0 0 0 0 0 0 1 0 1 1 3/5 11:31 0:00 1:49
Ryan Hartman 0 0 0 0 2 0 0 1 0 0 0/0 8:45 0:00 0:58
Seth Jones 0 0 0 0 0 3 1 2 0 1 0/0 27:28 2:02 2:03
Sidney Crosby 0 0 0 0 0 3 1 0 1 0 5/14 18:09 3:03 0:00
Travis Sanheim 0 0 0 1 0 2 0 0 1 0 0/0 22:28 2:46 1:55
3 Stars
1 - Thatcher Demko (CHI)
2 - Petr Mrazek (AZC)
3 - Charlie Coyle (AZC)
Power Play
Arizona Coyotes - 0 on 2 Attempt(s) - 0.00%
Chicago Black Hawks - 0 on 3 Attempt(s) - 0.00%
Penalty Kill
Arizona Coyotes - 3 on 3 Attempt(s) - 100.00%
- Score 1 goal in Penalty Kill
Chicago Black Hawks - 2 on 2 Attempt(s) - 100.00%
- Score 0 goal in Penalty Kill
Team Stat
Arizona Coyotes - Hits : 18 - Faceoff Wins : 28 - Blocked Shots : 8 - Penalty Minutes : 11
Chicago Black Hawks - Hits : 22 - Faceoff Wins : 29 - Blocked Shots : 9 - Penalty Minutes : 9
Official
Referees : Brandon Schrader and Graham Skilliter
Linesman : Libor Suchanek and Kyle Flemington
Game Notes
Brandon Tanev beats up Filip Forsberg at 9:23 of 3rd period
Finance
Level 1 -- Attendance: 4996 (83.27%) -- Ticket Income $499,600
Level 2 -- Attendance: 3695 (73.90%) -- Ticket Income $221,700
Level 3 -- Attendance: 2383 (79.43%) -- Ticket Income $83,405
Level 4 -- Attendance: 3500 (70.00%) -- Ticket Income $87,500
Luxury Box -- Attendance: 731 (73.10%) -- Ticket Income $146,200
Game was played at the United Center.
Total Attendance: 15305 (76.53%)
Total Ticket Income: $1,038,405
Other Income: $363,442
Total Income: $1,401,847
Arizona Coyotes
5 vs 5 Forward
Center Left Wing Right Wing Time % Phy DF OF
1 Charlie Coyle Mats Zuccarello Tyler Seguin 35 1 2 2
2 Mason McTavish Erik Haula Brandon Tanev 30 1 2 2
3 Ross Colton Zach Parise Ryan Donato 25 1 2 2
4 Mark Jankowski Jakob Silfverberg Ondrej Palat 10 1 2 2
5 vs 5 Defense
Defense Defense Time % Phy DF OF
1 Jani Hakanpaa Radko Gudas 40 1 2 2
2 Brayden McNabb Matt Dumba 30 1 2 2
3 Jayden Struble Anthony Deangelo 20 1 2 2
4 Jani Hakanpaa Radko Gudas 10 1 2 2
PowerPlay Forward
Center Left Wing Right Wing Time % Phy DF OF
1 Charlie Coyle Mats Zuccarello Tyler Seguin 50 1 1 3
2 Mason McTavish Erik Haula Brandon Tanev 50 1 1 3
PowerPlay Defense
Defense Defense Time % Phy DF OF
1 Jani Hakanpaa Radko Gudas 50 1 1 3
2 Brayden McNabb Matt Dumba 50 1 1 3
Penalty Kill 4 Players Forward
Center Wing Time % Phy DF OF
1 Charlie Coyle Mats Zuccarello 50 1 2 2
2 Tyler Seguin Mason McTavish 50 1 2 2
Penalty Kill 4 Players Defense
Defense Defense Time % Phy DF OF
1 Jani Hakanpaa Radko Gudas 50 1 3 1
2 Brayden McNabb Matt Dumba 50 1 3 1
Penalty Kill - 3 Players Forward
Forward Time % Phy DF OF
1 Charlie Coyle 50 1 2 2
2 Mats Zuccarello 50 1 2 2
Penalty Kill - 3 Players Defense
Defense Defense Time % Phy DF OF
1 Jani Hakanpaa Radko Gudas 50 1 3 1
2 Brayden McNabb Matt Dumba 50 1 3 1
4 vs 4 Forward
Center Wing Time % Phy DF OF
1 Charlie Coyle Mats Zuccarello 50 0 1 4
2 Tyler Seguin Mason McTavish 50 0 1 4
4 vs 4 Defense
Defense Defense Time % Phy DF OF
1 Jani Hakanpaa Radko Gudas 50 1 3 1
2 Brayden McNabb Matt Dumba 50 1 3 1
Last Minutes Offensive
Center Left Wing Right Wing Defense Defense
Charlie Coyle Mats Zuccarello Tyler Seguin Jani Hakanpaa Radko Gudas
Last Minutes Defensive
Center Left Wing Right Wing Defense Defense
Charlie Coyle Mats Zuccarello Tyler Seguin Jani Hakanpaa Radko Gudas
Goaltenders
Starting : Petr Mrazek
Backup : Carter Hart
Extra Forwards
Normal : Ross Colton, Ryan Donato, Zach Parise - PP : Ross Colton, Ryan Donato - PK : Zach Parise
Extra Defensemen
Normal : Jayden Struble, Anthony Deangelo, Brayden McNabb - PP : Jayden Struble - PK : Anthony Deangelo, Brayden McNabb
Penalty Shots
Charlie Coyle, Mats Zuccarello, Tyler Seguin, Mason McTavish, Erik Haula
Scratches
Jared Spurgeon (Right Foot Injury), Ondrej Pavel (Healthy), Scott Reedy (Healthy), Elvis Merzlikins (Healthy)
Chicago Black Hawks
5 vs 5 Forward
Center Left Wing Right Wing Time % Phy DF OF
1 Sidney Crosby Chris Kreider Brayden Point 30 0 1 4
2 Bo Horvat Filip Forsberg Brandon Hagel 30 0 2 3
3 Jamie Benn Kevin Fiala Lucas Raymond 25 0 1 4
4 Nicholas Paul Alex DeBrincat Ryan Hartman 15 0 2 3
5 vs 5 Defense
Defense Defense Time % Phy DF OF
1 Devon Toews Seth Jones 36 0 3 2
2 Travis Sanheim Marcus Pettersson 34 0 3 2
3 Filip Hronek Caleb Jones 20 0 4 1
4 Seth Jones Devon Toews 10 0 4 1
PowerPlay Forward
Center Left Wing Right Wing Time % Phy DF OF
1 Sidney Crosby Brandon Hagel Brayden Point 50 0 0 5
2 Bo Horvat Filip Forsberg Chris Kreider 50 0 0 5
PowerPlay Defense
Defense Defense Time % Phy DF OF
1 Devon Toews Filip Hronek 50 0 1 4
2 Travis Sanheim Seth Jones 50 0 1 4
Penalty Kill 4 Players Forward
Center Wing Time % Phy DF OF
1 Jamie Benn Ryan Hartman 50 0 5 0
2 Nicholas Paul Brandon Hagel 50 0 5 0
Penalty Kill 4 Players Defense
Defense Defense Time % Phy DF OF
1 Marcus Pettersson Travis Sanheim 50 0 5 0
2 Devon Toews Seth Jones 50 0 5 0
Penalty Kill - 3 Players Forward
Forward Time % Phy DF OF
1 Ryan Hartman 50 0 5 0
2 Nicholas Paul 50 0 5 0
Penalty Kill - 3 Players Defense
Defense Defense Time % Phy DF OF
1 Travis Sanheim Devon Toews 50 0 5 0
2 Filip Hronek Marcus Pettersson 50 0 5 0
4 vs 4 Forward
Center Wing Time % Phy DF OF
1 Jamie Benn Kevin Fiala 50 0 2 3
2 Nicholas Paul Alex DeBrincat 50 1 1 3
4 vs 4 Defense
Defense Defense Time % Phy DF OF
1 Devon Toews Filip Hronek 50 0 3 2
2 Marcus Pettersson Seth Jones 50 0 3 2
Last Minutes Offensive
Center Left Wing Right Wing Defense Defense
Sidney Crosby Chris Kreider Brayden Point Devon Toews Filip Hronek
Last Minutes Defensive
Center Left Wing Right Wing Defense Defense
Nicholas Paul Brandon Hagel Ryan Hartman Devon Toews Travis Sanheim
Goaltenders
Starting : Thatcher Demko
Backup : Adin Hill
Extra Forwards
Normal : Alex DeBrincat, Lucas Raymond, Kevin Fiala - PP : Alex DeBrincat, Lucas Raymond - PK : Brandon Hagel
Extra Defensemen
Normal : Filip Hronek, Marcus Pettersson, Devon Toews - PP : Travis Sanheim - PK : Devon Toews, Filip Hronek
Penalty Shots
Lucas Raymond, Alex DeBrincat, Sidney Crosby, Brayden Point, Devon Toews
Scratches
Cale Makar (Healthy)
% Time on Ice - Arizona Coyotes
Lines # - Real PCT - Wanted PCT - Time Play
Normal Forward
1 - 34% - 35% - 16:54
2 - 28% - 30% - 13:47
3 - 23% - 25% - 11:36
4 - 16% - 10% - 7:48
Normal Defense
1 - 37% - 40% - 18:35
2 - 36% - 30% - 18:02
3 - 25% - 20% - 12:34
4 - 2% - 10% - 0:54
PP Forward
1 - 52% - 50% - 2:04
2 - 48% - 50% - 1:54
PP Defense
1 - 55% - 50% - 2:10
2 - 45% - 50% - 1:48
PK Forward
1 - 50% - 50% - 2:59
2 - 50% - 50% - 2:58
PK Defense
1 - 47% - 50% - 2:47
2 - 53% - 50% - 3:10
PK3 Forward
1 - 0% - 50%
2 - 0% - 50%
PK3 Defense
1 - 0% - 50%
2 - 0% - 50%
44 Forward
1 - 55% - 50% - 2:46
2 - 45% - 50% - 2:14
44 Defense
1 - 58% - 50% - 2:55
2 - 42% - 50% - 2:05
Last Minute Offensive - 0:00
Last Minute Defensive - 0:00
Total
Forward - 65:00
Defense - 65:00
|
% Time on Ice - Chicago Black Hawks
Lines # - Real PCT - Wanted PCT - Time Play
Normal Forward
1 - 30% - 30% - 15:07
2 - 29% - 30% - 14:35
3 - 25% - 25% - 12:36
4 - 16% - 15% - 7:47
Normal Defense
1 - 35% - 36% - 17:45
2 - 35% - 34% - 17:20
3 - 24% - 20% - 11:51
4 - 6% - 10% - 3:09
PP Forward
1 - 51% - 50% - 3:03
2 - 49% - 50% - 2:54
PP Defense
1 - 54% - 50% - 3:11
2 - 46% - 50% - 2:46
PK Forward
1 - 54% - 50% - 2:09
2 - 46% - 50% - 1:49
PK Defense
1 - 48% - 50% - 1:55
2 - 52% - 50% - 2:03
PK3 Forward
1 - 0% - 50%
2 - 0% - 50%
PK3 Defense
1 - 0% - 50%
2 - 0% - 50%
44 Forward
1 - 44% - 50% - 2:13
2 - 56% - 50% - 2:47
44 Defense
1 - 56% - 50% - 2:48
2 - 44% - 50% - 2:12
Last Minute Offensive - 0:00
Last Minute Defensive - 0:00
Total
Forward - 65:00
Defense - 65:00
|
Play-by-Play
1st period
0:01 of 1st period - Charlie Coyle wins face-off versus Sidney Crosby in neutral zone.
0:30 of 1st period - Snap shot by Filip Forsberg.
0:30 of 1st period - Stopped by Petr Mrazek without a rebound.
0:31 of 1st period - Ross Colton wins face-off versus Bo Horvat in Arizona Coyotes zone.
0:31 of 1st period - Ross Colton is hit by Bo Horvat.
0:38 of 1st period - Brandon Hagel is hit by Matt Dumba and loses puck.
0:47 of 1st period - Slapshot by Filip Forsberg.
0:47 of 1st period - Shot Misses the Net.
1:04 of 1st period - Icing by Brayden McNabb.
1:05 of 1st period - Mark Jankowski wins face-off versus Nicholas Paul in Arizona Coyotes zone.
1:21 of 1st period - Wrist shot by Ondrej Palat.
1:21 of 1st period - Stopped by Thatcher Demko with a rebound.
1:23 of 1st period - Slapshot by Brayden McNabb.
1:23 of 1st period - Deflect By Jakob Silfverberg.
1:23 of 1st period - Shot Blocked by Ryan Hartman.
1:23 of 1st period - Puck is out of play.
1:24 of 1st period - Jamie Benn wins face-off versus Mason McTavish in Chicago Black Hawks zone.
2:16 of 1st period - Snap shot by Ryan Donato.
2:16 of 1st period - Shot Misses the Net.
2:58 of 1st period - Devon Toews is hit by Radko Gudas and loses puck.
3:27 of 1st period - Slapshot by Brayden Point.
3:27 of 1st period - Deflect By Sidney Crosby.
3:27 of 1st period - Shot Blocked by Brayden McNabb.
3:27 of 1st period - Puck is out of play.
3:28 of 1st period - Charlie Coyle wins face-off versus Sidney Crosby in Arizona Coyotes zone.
3:28 of 1st period - Charlie Coyle is hit by Chris Kreider.
4:57 of 1st period - Sidney Crosby is hit by Charlie Coyle and loses puck.
5:46 of 1st period - Backhand shot by Kevin Fiala.
5:46 of 1st period - Shot Blocked by Brayden McNabb.
5:48 of 1st period - Minor Penalty to Ross Colton for Tripping.
5:49 of 1st period - Sidney Crosby wins face-off versus Charlie Coyle in Arizona Coyotes zone.
5:50 of 1st period - Slapshot by Brayden Point.
5:50 of 1st period - Shot Hit the Post.
6:00 of 1st period - Jani Hakanpaa is hit by Brandon Hagel and loses puck.
7:05 of 1st period - Radko Gudas is hit by Chris Kreider and loses puck.
7:30 of 1st period - Tyler Seguin is hit by Brandon Hagel and loses puck.
7:48 of 1st period - Penalty to Ross Colton is over, Ross Colton is back on ice.
8:38 of 1st period - Kevin Fiala is hit by Jani Hakanpaa and loses puck.
9:31 of 1st period - Charlie Coyle is hit by Nicholas Paul and loses puck.
9:57 of 1st period - Jayden Struble is hit by Jamie Benn and loses puck.
11:25 of 1st period - Tyler Seguin is hit by Filip Forsberg and loses puck.
12:11 of 1st period - Icing by Matt Dumba.
12:12 of 1st period - Jamie Benn wins face-off versus Mason McTavish in Arizona Coyotes zone.
12:42 of 1st period - Wrist shot by Erik Haula.
12:42 of 1st period - Shot Misses the Net.
12:44 of 1st period - Snap shot by Radko Gudas.
12:44 of 1st period - Stopped by Thatcher Demko with a rebound.
12:46 of 1st period - Slapshot by Jani Hakanpaa.
12:46 of 1st period - Stopped by Thatcher Demko with a rebound.
12:48 of 1st period - Wrist shot by Erik Haula.
12:48 of 1st period - Shot Misses the Net.
12:50 of 1st period - Snap shot by Erik Haula.
12:50 of 1st period - Shot Blocked by Filip Hronek.
12:52 of 1st period - Snap shot by Brandon Tanev.
12:52 of 1st period - Shot Misses the Net.
12:58 of 1st period - Wrist shot by Erik Haula.
12:58 of 1st period - Deflect By Mason McTavish.
12:58 of 1st period - Stopped by Thatcher Demko with a rebound.
13:00 of 1st period - Snap shot by Brandon Tanev.
13:00 of 1st period - Shot Misses the Net.
13:02 of 1st period - Wrist shot by Mason McTavish.
13:02 of 1st period - Shot Blocked by Caleb Jones.
13:04 of 1st period - Slapshot by Radko Gudas.
13:04 of 1st period - Shot Misses the Net.
13:06 of 1st period - Slapshot by Jani Hakanpaa.
13:06 of 1st period - Shot Misses the Net.
13:08 of 1st period - Slapshot by Jani Hakanpaa.
13:08 of 1st period - Shot Blocked by Jamie Benn.
13:10 of 1st period - Wrist shot by Erik Haula.
13:10 of 1st period - Stopped by Thatcher Demko without a rebound.
13:11 of 1st period - Sidney Crosby wins face-off versus Charlie Coyle in Chicago Black Hawks zone.
14:05 of 1st period - Filip Forsberg is hit by Ondrej Palat and loses puck.
14:12 of 1st period - Anthony Deangelo is hit by Brandon Hagel.
15:15 of 1st period - Off-side.
15:16 of 1st period - Mason McTavish wins face-off versus Brayden Point in neutral zone.
15:18 of 1st period - Off-side.
15:19 of 1st period - Sidney Crosby wins face-off versus Mason McTavish in neutral zone.
15:29 of 1st period - Icing by Mason McTavish.
15:30 of 1st period - Chris Kreider wins face-off versus Erik Haula in Arizona Coyotes zone.
15:55 of 1st period - Wrist shot by Erik Haula.
15:55 of 1st period - Stopped by Thatcher Demko with a rebound.
15:57 of 1st period - Slapshot by Brandon Tanev.
15:57 of 1st period - Shot Misses the Net.
16:23 of 1st period - Snap shot by Tyler Seguin.
16:23 of 1st period - Stopped by Thatcher Demko with a rebound.
16:25 of 1st period - Snap shot by Mats Zuccarello.
16:25 of 1st period - Goal by Mats Zuccarello - Arizona Coyotes : 1 - Chicago Black Hawks : 0.
16:26 of 1st period - Chris Kreider wins face-off versus Charlie Coyle in neutral zone.
17:42 of 1st period - Snap shot by Mark Jankowski.
17:42 of 1st period - Shot Misses the Net.
17:44 of 1st period - Wrist shot by Jakob Silfverberg.
17:44 of 1st period - Stopped by Thatcher Demko with a rebound.
17:46 of 1st period - Wrist shot by Jakob Silfverberg.
17:46 of 1st period - Stopped by Thatcher Demko with a rebound.
17:55 of 1st period - Off-side.
17:56 of 1st period - Sidney Crosby wins face-off versus Charlie Coyle in neutral zone.
18:05 of 1st period - Wrist shot by Chris Kreider.
18:05 of 1st period - Shot Misses the Net.
18:27 of 1st period - Snap shot by Zach Parise.
18:27 of 1st period - Deflect By Ryan Donato.
18:27 of 1st period - Stopped by Thatcher Demko without a rebound.
18:28 of 1st period - Ross Colton wins face-off versus Bo Horvat in Chicago Black Hawks zone.
18:53 of 1st period - Tyler Seguin is hit by Chris Kreider and loses puck.
19:30 of 1st period - Snap shot by Chris Kreider.
19:30 of 1st period - Shot Misses the Net.
19:56 of 1st period - Wrist shot by Mason McTavish.
19:56 of 1st period - Shot Misses the Net.
19:58 of 1st period - Slapshot by Mason McTavish.
19:58 of 1st period - Stopped by Thatcher Demko with a rebound.
Goals for this period are 1 for Arizona Coyotes vs 0 for Chicago Black Hawks.
Shots for this period are 12 for Arizona Coyotes vs 1 for Chicago Black Hawks.
2nd period
0:01 of 2nd period - Bo Horvat wins face-off versus Charlie Coyle in neutral zone.
0:10 of 2nd period - Snap shot by Bo Horvat.
0:10 of 2nd period - Stopped by Petr Mrazek without a rebound.
0:11 of 2nd period - Charlie Coyle wins face-off versus Bo Horvat in Arizona Coyotes zone.
0:13 of 2nd period - Minor Penalty to Tyler Seguin for Slashing.
0:14 of 2nd period - Bo Horvat wins face-off versus Zach Parise in Arizona Coyotes zone.
0:20 of 2nd period - Snap shot by Filip Forsberg.
0:20 of 2nd period - Shot Misses the Net.
1:04 of 2nd period - Zach Parise is hit by Brandon Hagel.
1:22 of 2nd period - Travis Sanheim is hit by Mats Zuccarello and loses puck.
2:02 of 2nd period - Radko Gudas is hit by Seth Jones and loses puck.
2:13 of 2nd period - Penalty to Tyler Seguin is over, Tyler Seguin is back on ice.
2:13 of 2nd period - Travis Sanheim is hit by Radko Gudas and loses puck.
2:34 of 2nd period - Slapshot by Mats Zuccarello.
2:34 of 2nd period - Stopped by Thatcher Demko without a rebound.
2:35 of 2nd period - Ross Colton wins face-off versus Jamie Benn in Chicago Black Hawks zone.
2:38 of 2nd period - Wrist shot by Ryan Donato.
2:38 of 2nd period - Stopped by Thatcher Demko without a rebound.
2:39 of 2nd period - Jamie Benn wins face-off versus Ross Colton in Chicago Black Hawks zone.
2:44 of 2nd period - Snap shot by Kevin Fiala.
2:44 of 2nd period - Stopped by Petr Mrazek with a rebound.
3:04 of 2nd period - Snap shot by Alex DeBrincat.
3:04 of 2nd period - Stopped by Petr Mrazek with a rebound.
3:20 of 2nd period - Minor Penalty to Ryan Hartman for Delaying the game.
3:21 of 2nd period - Jamie Benn wins face-off versus Charlie Coyle in Chicago Black Hawks zone.
4:49 of 2nd period - Icing by Mason McTavish.
4:50 of 2nd period - Brayden Point wins face-off versus Mats Zuccarello in Arizona Coyotes zone.
5:15 of 2nd period - Matt Dumba is hit by Devon Toews.
5:20 of 2nd period - Penalty to Ryan Hartman is over, Ryan Hartman is back on ice.
5:30 of 2nd period - Off-side.
5:31 of 2nd period - Ross Colton wins face-off versus Sidney Crosby in neutral zone.
6:28 of 2nd period - Jayden Struble is hit by Filip Forsberg and loses puck.
7:54 of 2nd period - Wrist shot by Alex DeBrincat.
7:54 of 2nd period - Deflect By Zach Parise.
7:54 of 2nd period - Stopped by Petr Mrazek with a rebound.
7:56 of 2nd period - Slapshot by Travis Sanheim.
7:56 of 2nd period - Stopped by Petr Mrazek without a rebound.
7:57 of 2nd period - Charlie Coyle wins face-off versus Bo Horvat in Arizona Coyotes zone.
8:02 of 2nd period - Wrist shot by Charlie Coyle.
8:02 of 2nd period - Shot Misses the Net.
8:06 of 2nd period - Slapshot by Mats Zuccarello.
8:06 of 2nd period - Shot Blocked by Seth Jones.
8:08 of 2nd period - Slapshot by Matt Dumba.
8:08 of 2nd period - Shot Misses the Net.
8:58 of 2nd period - Jakob Silfverberg is hit by Marcus Pettersson and loses puck.
9:17 of 2nd period - Wrist shot by Tyler Seguin.
9:17 of 2nd period - Deflect By Mats Zuccarello.
9:17 of 2nd period - Shot Misses the Net.
9:17 of 2nd period - Puck is out of play.
9:18 of 2nd period - Jamie Benn wins face-off versus Charlie Coyle in Chicago Black Hawks zone.
9:25 of 2nd period - Wrist shot by Kevin Fiala.
9:25 of 2nd period - Shot Misses the Net.
9:53 of 2nd period - Slapshot by Sidney Crosby.
9:53 of 2nd period - Stopped by Petr Mrazek without a rebound.
9:54 of 2nd period - Ross Colton wins face-off versus Bo Horvat in Arizona Coyotes zone.
10:42 of 2nd period - Chris Kreider is hit by Charlie Coyle and loses puck.
11:19 of 2nd period - Wrist shot by Filip Forsberg.
11:19 of 2nd period - Shot Misses the Net.
11:21 of 2nd period - Wrist shot by Filip Forsberg.
11:21 of 2nd period - Shot Misses the Net.
11:23 of 2nd period - Slapshot by Bo Horvat.
11:23 of 2nd period - Stopped by Petr Mrazek with a rebound.
11:29 of 2nd period - Snap shot by Filip Forsberg.
11:29 of 2nd period - Stopped by Petr Mrazek without a rebound.
11:30 of 2nd period - Jamie Benn wins face-off versus Tyler Seguin in Arizona Coyotes zone.
11:33 of 2nd period - Slapshot by Lucas Raymond.
11:33 of 2nd period - Shot Misses the Net.
11:57 of 2nd period - Wrist shot by Chris Kreider.
11:57 of 2nd period - Shot Blocked by Mats Zuccarello.
11:59 of 2nd period - Slapshot by Marcus Pettersson.
11:59 of 2nd period - Deflect By Chris Kreider.
11:59 of 2nd period - Stopped by Petr Mrazek with a rebound.
12:01 of 2nd period - Slapshot by Sidney Crosby.
12:01 of 2nd period - Shot Misses the Net.
12:03 of 2nd period - Snap shot by Marcus Pettersson.
12:03 of 2nd period - Stopped by Petr Mrazek with a rebound.
12:05 of 2nd period - Slapshot by Marcus Pettersson.
12:05 of 2nd period - Stopped by Petr Mrazek with a rebound.
12:07 of 2nd period - Slapshot by Marcus Pettersson.
12:07 of 2nd period - Deflect By Radko Gudas.
12:07 of 2nd period - Stopped by Petr Mrazek with a rebound.
12:09 of 2nd period - Wrist shot by Sidney Crosby.
12:09 of 2nd period - Shot Misses the Net.
12:15 of 2nd period - Minor Penalty to Mats Zuccarello for Cross-checking.
12:16 of 2nd period - Bo Horvat wins face-off versus Tyler Seguin in Arizona Coyotes zone.
12:27 of 2nd period - Snap shot by Filip Forsberg.
12:27 of 2nd period - Deflect By Chris Kreider.
12:27 of 2nd period - Shot Misses the Net.
12:27 of 2nd period - Puck is out of play.
12:28 of 2nd period - Charlie Coyle wins face-off versus Bo Horvat in Arizona Coyotes zone.
12:33 of 2nd period - Wrist shot by Zach Parise.
12:33 of 2nd period - Shot Blocked by Filip Hronek.
12:35 of 2nd period - Slapshot by Charlie Coyle.
12:35 of 2nd period - Stopped by Thatcher Demko with a rebound.
12:37 of 2nd period - Snap shot by Zach Parise.
12:37 of 2nd period - Stopped by Thatcher Demko with a rebound.
12:39 of 2nd period - Snap shot by Zach Parise.
12:39 of 2nd period - Goal by Zach Parise - Arizona Coyotes : 2 - Chicago Black Hawks : 0.
12:40 of 2nd period - Charlie Coyle wins face-off versus Sidney Crosby in neutral zone.
13:12 of 2nd period - Snap shot by Chris Kreider.
13:12 of 2nd period - Stopped by Petr Mrazek with a rebound.
14:15 of 2nd period - Penalty to Mats Zuccarello is over, Mats Zuccarello is back on ice.
14:24 of 2nd period - Snap shot by Marcus Pettersson.
14:24 of 2nd period - Stopped by Petr Mrazek without a rebound.
14:25 of 2nd period - Jamie Benn wins face-off versus Mark Jankowski in Arizona Coyotes zone.
14:28 of 2nd period - Snap shot by Lucas Raymond.
14:28 of 2nd period - Stopped by Petr Mrazek with a rebound.
14:30 of 2nd period - Wrist shot by Kevin Fiala.
14:30 of 2nd period - Goal by Kevin Fiala - Arizona Coyotes : 2 - Chicago Black Hawks : 1.
14:31 of 2nd period - Filip Forsberg wins face-off versus Charlie Coyle in neutral zone.
14:34 of 2nd period - Snap shot by Bo Horvat.
14:34 of 2nd period - Deflect By Filip Forsberg.
14:34 of 2nd period - Deflect By Mats Zuccarello.
14:34 of 2nd period - Shot Misses the Net.
14:34 of 2nd period - Puck is out of play.
14:35 of 2nd period - Charlie Coyle wins face-off versus Filip Forsberg in Arizona Coyotes zone.
14:35 of 2nd period - Charlie Coyle is hit by Filip Forsberg.
14:41 of 2nd period - Filip Forsberg is hit by Tyler Seguin and loses puck.
14:48 of 2nd period - Tyler Seguin is hit by Filip Forsberg and loses puck.
15:25 of 2nd period - Snap shot by Seth Jones.
15:25 of 2nd period - Deflect By Zach Parise.
15:25 of 2nd period - Stopped by Petr Mrazek without a rebound.
15:26 of 2nd period - Ross Colton wins face-off versus Nicholas Paul in Arizona Coyotes zone.
15:33 of 2nd period - Slapshot by Brayden McNabb.
15:33 of 2nd period - Deflect By Ross Colton.
15:33 of 2nd period - Shot Blocked by Marcus Pettersson.
15:33 of 2nd period - Puck is out of play.
15:34 of 2nd period - Bo Horvat wins face-off versus Mats Zuccarello in Chicago Black Hawks zone.
15:34 of 2nd period - Bo Horvat is hit by Charlie Coyle.
15:40 of 2nd period - Slapshot by Travis Sanheim.
15:40 of 2nd period - Stopped by Petr Mrazek with a rebound.
15:48 of 2nd period - Snap shot by Filip Forsberg.
15:48 of 2nd period - Deflect By Bo Horvat.
15:48 of 2nd period - Shot Misses the Net.
15:48 of 2nd period - Puck is out of play.
15:49 of 2nd period - Jamie Benn wins face-off versus Brandon Tanev in Arizona Coyotes zone.
15:54 of 2nd period - Slapshot by Lucas Raymond.
15:54 of 2nd period - Stopped by Petr Mrazek with a rebound.
15:56 of 2nd period - Snap shot by Lucas Raymond.
15:56 of 2nd period - Shot Misses the Net.
15:58 of 2nd period - Slapshot by Kevin Fiala.
15:58 of 2nd period - Stopped by Petr Mrazek with a rebound.
16:00 of 2nd period - Wrist shot by Lucas Raymond.
16:00 of 2nd period - Shot Misses the Net.
16:16 of 2nd period - Seth Jones is hit by Zach Parise and loses puck.
16:31 of 2nd period - Ryan Donato is hit by Devon Toews and loses puck.
16:49 of 2nd period - Icing by Brayden Point.
16:50 of 2nd period - Charlie Coyle wins face-off versus Sidney Crosby in Chicago Black Hawks zone.
18:24 of 2nd period - Wrist shot by Charlie Coyle.
18:24 of 2nd period - Stopped by Thatcher Demko with a rebound.
19:05 of 2nd period - Wrist shot by Ross Colton.
19:05 of 2nd period - Deflect By Zach Parise.
19:05 of 2nd period - Stopped by Thatcher Demko without a rebound.
19:06 of 2nd period - Ross Colton wins face-off versus Jamie Benn in Chicago Black Hawks zone.
19:17 of 2nd period - Wrist shot by Ryan Donato.
19:17 of 2nd period - Shot Misses the Net.
19:54 of 2nd period - Devon Toews is hit by Ross Colton.
Goals for this period are 1 for Arizona Coyotes vs 1 for Chicago Black Hawks.
Shots for this period are 7 for Arizona Coyotes vs 20 for Chicago Black Hawks.
3rd period
0:01 of 3rd period - Bo Horvat wins face-off versus Charlie Coyle in neutral zone.
0:27 of 3rd period - Devon Toews is hit by Radko Gudas and loses puck.
0:38 of 3rd period - Wrist shot by Brayden Point.
0:38 of 3rd period - Shot Blocked by Jani Hakanpaa.
1:33 of 3rd period - Wrist shot by Tyler Seguin.
1:33 of 3rd period - Stopped by Thatcher Demko with a rebound.
1:35 of 3rd period - Slapshot by Brayden McNabb.
1:35 of 3rd period - Stopped by Thatcher Demko with a rebound.
1:37 of 3rd period - Slapshot by Brayden McNabb.
1:37 of 3rd period - Stopped by Thatcher Demko with a rebound.
2:02 of 3rd period - Slapshot by Bo Horvat.
2:02 of 3rd period - Deflect By Filip Forsberg.
2:02 of 3rd period - Goal by Filip Forsberg - Arizona Coyotes : 2 - Chicago Black Hawks : 2.
2:03 of 3rd period - Charlie Coyle wins face-off versus Sidney Crosby in neutral zone.
2:06 of 3rd period - Snap shot by Tyler Seguin.
2:06 of 3rd period - Stopped by Thatcher Demko without a rebound.
2:07 of 3rd period - Charlie Coyle wins face-off versus Sidney Crosby in Chicago Black Hawks zone.
2:15 of 3rd period - Snap shot by Charlie Coyle.
2:15 of 3rd period - Stopped by Thatcher Demko without a rebound.
2:16 of 3rd period - Charlie Coyle wins face-off versus Bo Horvat in Chicago Black Hawks zone.
2:27 of 3rd period - Snap shot by Filip Forsberg.
2:27 of 3rd period - Shot Blocked by Charlie Coyle.
2:43 of 3rd period - Brayden Point is hit by Ross Colton and loses puck.
3:03 of 3rd period - Icing by Ryan Donato.
3:04 of 3rd period - Ross Colton wins face-off versus Jamie Benn in Arizona Coyotes zone.
3:11 of 3rd period - Wrist shot by Mason McTavish.
3:11 of 3rd period - Shot Misses the Net.
3:43 of 3rd period - Slapshot by Brayden Point.
3:43 of 3rd period - Deflect By Chris Kreider.
3:43 of 3rd period - Stopped by Petr Mrazek with a rebound.
4:39 of 3rd period - Caleb Jones is hit by Charlie Coyle and loses puck.
5:06 of 3rd period - Snap shot by Charlie Coyle.
5:06 of 3rd period - Stopped by Thatcher Demko with a rebound.
5:36 of 3rd period - Wrist shot by Ryan Donato.
5:36 of 3rd period - Shot Misses the Net.
6:18 of 3rd period - Snap shot by Chris Kreider.
6:18 of 3rd period - Stopped by Petr Mrazek without a rebound.
6:19 of 3rd period - Brandon Hagel wins face-off versus Ross Colton in Arizona Coyotes zone.
6:22 of 3rd period - Snap shot by Bo Horvat.
6:22 of 3rd period - Stopped by Petr Mrazek without a rebound.
6:23 of 3rd period - Ross Colton wins face-off versus Bo Horvat in Arizona Coyotes zone.
6:58 of 3rd period - Wrist shot by Brandon Tanev.
6:58 of 3rd period - Shot Misses the Net.
7:30 of 3rd period - Wrist shot by Ross Colton.
7:30 of 3rd period - Shot Blocked by Devon Toews.
7:32 of 3rd period - Slapshot by Ross Colton.
7:32 of 3rd period - Shot Misses the Net.
7:34 of 3rd period - Wrist shot by Ross Colton.
7:34 of 3rd period - Stopped by Thatcher Demko with a rebound.
7:36 of 3rd period - Slapshot by Matt Dumba.
7:36 of 3rd period - Shot Blocked by Seth Jones.
7:48 of 3rd period - Snap shot by Bo Horvat.
7:48 of 3rd period - Deflect By Filip Forsberg.
7:48 of 3rd period - Stopped by Petr Mrazek with a rebound.
7:50 of 3rd period - Slapshot by Seth Jones.
7:50 of 3rd period - Deflect By Tyler Seguin.
7:50 of 3rd period - Stopped by Petr Mrazek with a rebound.
7:52 of 3rd period - Slapshot by Devon Toews.
7:52 of 3rd period - Deflect By Charlie Coyle.
7:52 of 3rd period - Stopped by Petr Mrazek with a rebound.
7:54 of 3rd period - Snap shot by Bo Horvat.
7:54 of 3rd period - Shot Blocked by Brayden McNabb.
7:56 of 3rd period - Slapshot by Seth Jones.
7:56 of 3rd period - Stopped by Petr Mrazek with a rebound.
8:55 of 3rd period - Lucas Raymond is hit by Zach Parise and loses puck.
9:16 of 3rd period - Snap shot by Bo Horvat.
9:16 of 3rd period - Stopped by Petr Mrazek without a rebound.
9:17 of 3rd period - Mason McTavish wins face-off versus Bo Horvat in Arizona Coyotes zone.
9:23 of 3rd period - Brandon Tanev beats up Filip Forsberg.
9:23 of 3rd period - Penalty to Filip Forsberg for Fighting.
9:23 of 3rd period - Penalty to Brandon Tanev for Fighting.
9:24 of 3rd period - Mason McTavish wins face-off versus Bo Horvat in Chicago Black Hawks zone.
9:27 of 3rd period - Slapshot by Mason McTavish.
9:27 of 3rd period - Stopped by Thatcher Demko without a rebound.
9:28 of 3rd period - Bo Horvat wins face-off versus Mason McTavish in Chicago Black Hawks zone.
10:03 of 3rd period - Wrist shot by Mats Zuccarello.
10:03 of 3rd period - Stopped by Thatcher Demko with a rebound.
10:19 of 3rd period - Snap shot by Ondrej Palat.
10:19 of 3rd period - Shot Misses the Net.
10:23 of 3rd period - Snap shot by Ondrej Palat.
10:23 of 3rd period - Stopped by Thatcher Demko with a rebound.
11:32 of 3rd period - Alex DeBrincat is hit by Radko Gudas and loses puck.
11:53 of 3rd period - Snap shot by Erik Haula.
11:53 of 3rd period - Shot Misses the Net.
11:55 of 3rd period - Slapshot by Ross Colton.
11:55 of 3rd period - Stopped by Thatcher Demko with a rebound.
11:57 of 3rd period - Slapshot by Matt Dumba.
11:57 of 3rd period - Deflect By Mason McTavish.
11:57 of 3rd period - Shot Misses the Net.
11:57 of 3rd period - Puck is out of play.
11:58 of 3rd period - Charlie Coyle wins face-off versus Chris Kreider in Chicago Black Hawks zone.
12:01 of 3rd period - Snap shot by Charlie Coyle.
12:01 of 3rd period - Stopped by Thatcher Demko without a rebound.
12:02 of 3rd period - Charlie Coyle wins face-off versus Sidney Crosby in Chicago Black Hawks zone.
12:35 of 3rd period - Snap shot by Lucas Raymond.
12:35 of 3rd period - Shot Blocked by Jayden Struble.
12:37 of 3rd period - Slapshot by Filip Hronek.
12:37 of 3rd period - Stopped by Petr Mrazek with a rebound.
12:39 of 3rd period - Wrist shot by Lucas Raymond.
12:39 of 3rd period - Stopped by Petr Mrazek with a rebound.
13:06 of 3rd period - Icing by Jayden Struble.
13:07 of 3rd period - Mark Jankowski wins face-off versus Sidney Crosby in Arizona Coyotes zone.
13:14 of 3rd period - Snap shot by Sidney Crosby.
13:14 of 3rd period - Stopped by Petr Mrazek without a rebound.
13:15 of 3rd period - Bo Horvat wins face-off versus Charlie Coyle in Arizona Coyotes zone.
13:16 of 3rd period - Snap shot by Brandon Hagel.
13:16 of 3rd period - Shot Misses the Net.
13:49 of 3rd period - Snap shot by Brayden Point.
13:49 of 3rd period - Deflect By Sidney Crosby.
13:49 of 3rd period - Stopped by Petr Mrazek without a rebound.
13:50 of 3rd period - Sidney Crosby wins face-off versus Mason McTavish in Arizona Coyotes zone.
14:04 of 3rd period - Snap shot by Brayden Point.
14:04 of 3rd period - Shot Blocked by Mason McTavish.
14:06 of 3rd period - Snap shot by Chris Kreider.
14:06 of 3rd period - Shot Misses the Net.
14:39 of 3rd period - Wrist shot by Charlie Coyle.
14:39 of 3rd period - Stopped by Thatcher Demko with a rebound.
14:49 of 3rd period - Minor Penalty to Kevin Fiala for Tripping.
14:50 of 3rd period - Nicholas Paul wins face-off versus Mason McTavish in Chicago Black Hawks zone.
14:59 of 3rd period - Seth Jones is hit by Radko Gudas and loses puck.
15:22 of 3rd period - Backhand shot by Mats Zuccarello.
15:22 of 3rd period - Stopped by Thatcher Demko without a rebound.
15:23 of 3rd period - Nicholas Paul wins face-off versus Charlie Coyle in Chicago Black Hawks zone.
15:58 of 3rd period - Snap shot by Matt Dumba.
15:58 of 3rd period - Stopped by Thatcher Demko with a rebound.
16:49 of 3rd period - Penalty to Kevin Fiala is over, Kevin Fiala is back on ice.
18:24 of 3rd period - Mats Zuccarello is hit by Alex DeBrincat and loses puck.
19:03 of 3rd period - Mats Zuccarello is hit by Sidney Crosby and loses puck.
19:22 of 3rd period - Wrist shot by Kevin Fiala.
19:22 of 3rd period - Stopped by Petr Mrazek with a rebound.
19:24 of 3rd period - Backhand shot by Kevin Fiala.
19:24 of 3rd period - Stopped by Petr Mrazek without a rebound.
19:25 of 3rd period - Nicholas Paul wins face-off versus Ross Colton in Arizona Coyotes zone.
Goals for this period are 0 for Arizona Coyotes vs 1 for Chicago Black Hawks.
Shots for this period are 15 for Arizona Coyotes vs 15 for Chicago Black Hawks.
Overtime #1
0:01 of 1st overtime period - Charlie Coyle wins face-off versus Jamie Benn in neutral zone.
0:58 of 1st overtime period - Snap shot by Mason McTavish.
0:58 of 1st overtime period - Deflect By Jamie Benn.
0:58 of 1st overtime period - Shot Misses the Net.
0:58 of 1st overtime period - Puck is out of play.
0:59 of 1st overtime period - Jamie Benn wins face-off versus Charlie Coyle in Chicago Black Hawks zone.
2:54 of 1st overtime period - Matt Dumba is hit by Lucas Raymond and loses puck.
3:49 of 1st overtime period - Ross Colton is hit by Devon Toews and loses puck.
Goals for this period are 0 for Arizona Coyotes vs 0 for Chicago Black Hawks.
Shots for this period are 0 for Arizona Coyotes vs 0 for Chicago Black Hawks.
ShootOut
5:00 of 1st overtime period - Round #1.
5:00 of 1st overtime period - Arizona Coyotes, Charlie Coyle.
5:00 of 1st overtime period - Wrist shot by Charlie Coyle.
5:00 of 1st overtime period - Stopped by Thatcher Demko.
5:00 of 1st overtime period - Chicago Black Hawks, Lucas Raymond.
5:00 of 1st overtime period - Deke by Lucas Raymond.
5:00 of 1st overtime period - Stopped by Petr Mrazek.
5:00 of 1st overtime period - Round #2.
5:00 of 1st overtime period - Arizona Coyotes, Mats Zuccarello.
5:00 of 1st overtime period - Wrist shot by Mats Zuccarello.
5:00 of 1st overtime period - Stopped by Thatcher Demko.
5:00 of 1st overtime period - Chicago Black Hawks, Alex DeBrincat.
5:00 of 1st overtime period - Deke by Alex DeBrincat.
5:00 of 1st overtime period - Goal by Alex DeBrincat.
5:00 of 1st overtime period - Round #3.
5:00 of 1st overtime period - Arizona Coyotes, Tyler Seguin.
5:00 of 1st overtime period - Snap shot by Tyler Seguin.
5:00 of 1st overtime period - Goal by Tyler Seguin.
5:00 of 1st overtime period - Chicago Black Hawks, Sidney Crosby.
5:00 of 1st overtime period - Wrist shot by Sidney Crosby.
5:00 of 1st overtime period - Stopped by Petr Mrazek.
5:00 of 1st overtime period - Round #4.
5:00 of 1st overtime period - Arizona Coyotes, Mason McTavish.
5:00 of 1st overtime period - Deke by Mason McTavish.
5:00 of 1st overtime period - Stopped by Thatcher Demko.
5:00 of 1st overtime period - Chicago Black Hawks, Brayden Point.
5:00 of 1st overtime period - Snap shot by Brayden Point.
5:00 of 1st overtime period - Goal by Brayden Point.
Back to the Top